Map: 포트 알렉산더 - 래더

Players

Maru

  • Race: Terran Terran
  • Spawn Location: 11:00

Trap - Winner!

  • Race: Protoss Protoss
  • Spawn Location: 5:00

Event: IEM Season 13: Katowice (2019)

VOD

Have the link to the VOD?

Description

Time

  • Played on: Feb. 28, 2019, 9:52 a.m.
  • Length: 11:16

All games in this series

Show
View Real Time Build Order
Export as new Build Order

Maru Terran 

Build Orders: Gas First Reaper Expand 

Get SALT Encoding   

  12  0:00  SCV  
  13  0:12  SCV  
  14  0:17  Supply Depot  
  14  0:24  SCV  
  15  0:30  Refinery  
  15  0:39  SCV  
  16  0:45  Barracks  
  16  0:51  SCV  
  17  1:03  SCV  
  18  1:15  SCV  
  19  1:32  Reaper, Orbital Command  
  20  1:47  Command Center  
  20  1:57  SCV  
  21  2:01  Factory  
  21  2:08  Barracks Reactor  
  21  2:10  SCV  
  21  2:14  Supply Depot  
  22  2:18  Refinery  
  22  2:22  SCV  
  23  2:36  SCV  
  24  2:46  Hellion  
  24  2:47  Marine x2  
  24  2:48  Starport  
  28  2:52  SCV, Supply Depot  
  29  3:04  SCV, Marine  
  31  3:10  Factory Tech Lab  
  31  3:13  Marine  
  32  3:22  Marine  
  32  3:26  Orbital Command  
  32  3:31  Marine  
  32  3:34  Cyclone  
  36  3:36  SCV  
  36  3:40  Marine  
  38  3:42  Starport Tech Lab  
  38  3:48  SCV  
  38  3:49  Marine  
  38  3:52  SCV  
  41  4:00  SCV  
  43  4:04  SCV, Supply Depot  
  44  4:10  Marine x2  
  44  4:12  SCV  
  44  4:13  Siege Tank  
  44  4:16  SCV  
  47  4:24  SCV  
  47  4:25  Barracks  
  47  4:29  Marine x2  
  53  4:32  SCV  
  53  4:37  Engineering Bay  
  54  4:40  SCV  
  54  4:44  SCV  
  53  4:48  Marine x2  
  53  4:49  Barracks  
  53  4:52  SCV, Supply Depot  
  56  4:56  Refinery  
  56  4:59  Factory Reactor  
  56  5:03  Missile Turret, Terran Infantry Weapons Level 1  
  56  5:05  Marine  
  56  5:06  Marine  
  58  5:09  SCV x2  
  57  5:20  Marine  
  57  5:21  Stimpack, SCV  
  58  5:22  Starport Reactor, SCV  
  58  5:23  Marine  
  58  5:24  Marine  
  62  5:28  Supply Depot  
  62  5:33  SCV  
  62  5:34  SCV  
  68  5:35  Widow Mine x2  
  68  5:38  Marauder  
  70  5:43  Supply Depot  
  70  5:46  Combat Shield  
  70  5:49  Marine x2  
  70  5:50  Marauder, SCV x2, Supply Depot  
  70  5:52  Supply Depot  
  76  5:57  Widow Mine  
  76  5:58  Refinery  
  78  6:05  Marauder, Medivac x2  
  78  6:07  Supply Depot  
  78  6:09  Marine x2  
  86  6:12  Widow Mine  
  86  6:14  Supply Depot  
  86  6:16  SCV x2  
  90  6:19  Marauder  
  90  6:20  Widow Mine  
  94  6:30  Supply Depot, Marine x2  
  94  6:31  Marauder  
  98  6:36  Medivac x2  
  102  6:44  Marauder  
  102  6:45  Widow Mine  
  106  6:48  Marine x2  
  106  6:52  Marauder, Widow Mine  
  112  7:00  Command Center  
  112  7:05  Concussive Shells  
  112  7:07  Marauder, Marine  
  115  7:14  Marauder, Marine  
  122  7:15  Widow Mine  
  122  7:16  Widow Mine  
  106  7:26  Medivac  
  106  7:29  Marauder  
  99  7:31  SCV x2  
  99  7:35  Marauder  
  91  7:37  Widow Mine, Medivac  
  91  7:39  Widow Mine  
  91  7:43  Terran Infantry Armor Level 1, SCV x2  
  95  7:44  Barracks x2  
  93  7:52  Marine x2  
  93  7:53  Marauder  
  93  7:56  Marauder, SCV x2  
  100  8:08  SCV x2, Medivac x2  
  100  8:11  Widow Mine x2  
  100  8:12  Orbital Command  
  110  8:17  Marine x2  
  112  8:20  Liberator x2, SCV x2  
  112  8:23  Ghost Academy  
  114  8:27  Marauder  
  114  8:31  Barracks Tech Lab  
  114  8:32  Barracks Reactor, SCV, Widow Mine  
  114  8:33  Widow Mine  
  121  8:39  SCV x2  
  129  8:41  Supply Depot  
  129  8:43  Marine x3  
  129  8:50  SCV  
  129  8:54  Refinery, SCV x2  
  132  8:55  Refinery  
  132  8:56  Ghost  
  132  8:57  Ghost  
  132  9:01  Marine x3  
  141  9:02  Widow Mine  
  141  9:03  Widow Mine  
  141  9:07  Supply Depot  
  143  9:10  Marine x2  
  145  9:19  Ghost, Marine  
  148  9:24  Marine  
  148  9:28  Ghost  
  148  9:29  Widow Mine x2, Supply Depot  
  148  9:30  Liberator, Supply Depot  
  155  9:33  Marauder  
  157  9:43  Marine  
  157  9:44  Medivac, Marine  
  150  9:48  Marauder, Marine  
  152  9:55  Marauder  
  152  9:58  Marauder, Marine  
  152  9:59  Liberator  
  135  10:03  Armory  
  135  10:04  Marine x2  
  135  10:05  Widow Mine x2  
  126  10:09  Marauder  
  126  10:11  SCV  
  127  10:16  Marauder, Engineering Bay  
  127  10:19  Marauder  
  134  10:24  SCV x2  
  134  10:25  Command Center, SCV  
  137  10:30  Widow Mine x2  
  141  10:36  SCV x2  
  143  10:47  Marauder, Marine  
  143  10:49  SCV x2  
Show
View Real Time Build Order
Export as new Build Order

Trap Protoss - Winner!

Build Orders: 1 Gate Expand, Phoenix Opening 

Get SALT Encoding   

  12  0:00  Probe  
  13  0:12  Probe  
  14  0:18  Pylon  
  14  0:24  Probe  
  15  0:35  Probe  
  15  0:37  Gateway  
  16  0:43  Probe  
  16  0:48  Assimilator  
  17  0:53  Probe  
  18  1:05  Probe  
  19  1:17  Probe  
  20  1:25  Cybernetics Core  
  20  1:39  Nexus  
  20  1:44  Pylon  
  20  1:47  Probe  
  21  1:53  Adept, Assimilator  
  21  1:59  Probe  
  24  2:11  Probe  
  24  2:13  Adept  
  25  2:23  Probe  
  25  2:28  Stargate  
  27  2:35  Probe  
  28  2:45  Stalker  
  28  2:47  Warp Gate, Probe  
  31  2:53  Probe  
  32  2:59  Probe, Shield Battery  
  32  3:01  Probe  
  34  3:07  Phoenix  
  34  3:09  Probe  
  34  3:11  Probe  
  38  3:23  Probe x2  
  38  3:29  Phoenix  
  40  3:35  Probe x2  
  42  3:45  Pylon  
  42  3:46  Phoenix  
  42  3:47  Probe  
  42  3:48  Probe  
  46  3:56  Shield Battery  
  46  4:03  Probe x2  
  46  4:05  Gateway  
  46  4:06  Gateway  
  48  4:10  Phoenix  
  48  4:14  Pylon  
  48  4:16  Probe x2  
  52  4:28  Probe x2, Oracle  
  54  4:34  Nexus  
  54  4:44  Pylon  
  57  4:49  Shield Battery  
  57  4:53  Shield Battery  
  57  4:55  Assimilator  
  57  4:56  Probe x2  
  57  4:58  Assimilator  
  59  5:03  Stalker  
  59  5:06  Stalker  
  63  5:08  Probe  
  63  5:13  Probe  
  65  5:20  Probe, Pylon  
  66  5:22  Stalker  
  66  5:24  Forge  
  66  5:27  Twilight Council  
  68  5:31  Protoss Ground Armor Level 1, Probe  
  68  5:33  Probe  
  70  5:39  Charge  
  70  5:45  Gateway  
  70  5:46  Gateway  
  70  5:49  Gateway  
  70  5:59  Sentry  
  70  6:00  Gateway x2  
  70  6:03  Phoenix  
  72  6:06  Sentry  
  72  6:07  Zealot  
  76  6:18  Probe x3  
  81  6:21  Pylon  
  81  6:22  Pylon  
  81  6:29  Zealot x2  
  81  6:30  Zealot  
  87  6:34  Phoenix  
  89  6:42  Zealot x2  
  89  6:43  Probe x2  
  89  6:44  Probe  
  96  6:55  Zealot x2  
  96  6:56  Zealot  
  96  6:59  Phoenix  
  104  7:02  Zealot x2  
  108  7:10  Pylon  
  108  7:12  Pylon  
  108  7:16  Phoenix  
  94  7:25  Zealot x2  
  94  7:26  Zealot x4  
  94  7:27  Protoss Ground Armor Level 2  
  94  7:29  Zealot  
  108  7:34  Probe x3  
  103  7:39  Assimilator  
  103  7:40  Assimilator, Phoenix  
  105  7:46  Probe x3  
  102  7:53  Protoss Air Weapons Level 1  
  102  8:04  Probe x3  
  103  8:06  Phoenix  
  103  8:07  Templar Archives  
  103  8:09  Robotics Facility  
  105  8:18  Zealot  
  105  8:19  Zealot x2  
  111  8:20  Pylon  
  111  8:24  Pylon  
  111  8:31  Blink  
  111  8:32  Forge  
  111  8:34  Phoenix  
  111  8:40  Pylon  
  113  8:47  Warp Prism, High Templar  
  113  8:48  Zealot x3, High Templar x3  
  121  8:51  Phoenix  
  121  8:52  Protoss Ground Weapons Level 1  
  121  8:53  Archon  
  121  8:54  Archon  
  131  9:06  Nexus  
  131  9:08  Pylon  
  131  9:15  Zealot x2  
  135  9:24  Observer  
  135  9:25  High Templar  
  135  9:26  Zealot x3, High Templar  
  135  9:27  Zealot  
  148  9:35  Archon  
  148  9:36  Pylon x2  
  148  9:42  Observer  
  143  9:48  Zealot x5  
  143  9:49  Zealot  
  147  9:53  Immortal  
  133  10:04  Zealot x2  
  133  10:05  Pylon  
  131  10:12  Zealot x2, High Templar x2  
  131  10:13  Zealot  
  138  10:16  Archon  
  138  10:17  Zealot  
  139  10:24  Immortal  
  137  10:28  High Templar x2  
  137  10:32  Phoenix  
  137  10:33  Archon  
  147  10:38  Zealot x2  
  147  10:39  Zealot  
  149  10:45  Sentry x2  
  149  10:48  Zealot  
  147  11:05  Zealot  
  147  11:06  Zealot x4  
  147  11:09  Stalker x2  

Tags
 
Add a new tag
Caveats
  • Supply blocks, unpowered buildings, or Contaminate may cause inaccurate times.
  • Supply counts are checked every 10 seconds.